WCHLSIM.com - West Coast Hockey League
html PUBLIC "-//W3C//DTD XHTML 1.0 Transitional//EN" "http://www.w3.org/TR/xhtml1/DTD/xhtml1-transitional.dtd"> WCHL - Game 486 - VICTORIA GLADIATORS vs VANCOUVER VOODOO

VICTORIA GLADIATORS vs VANCOUVER VOODOO

Created - 14 décembre 2019 at 10:57

Goals
1 2 3 T
VICTORIA GLADIATORS 0 0 0 0
VANCOUVER VOODOO 3 0 0 3
Shots
1 2 3 T
VICTORIA GLADIATORS 8 5 4 17
VANCOUVER VOODOO 6 8 15 29

1st period

1. VANCOUVER VOODOO , Tyson Jost 2 (Bryan Little 14, Jay Bouwmeester 2) at 1:17
2. VANCOUVER VOODOO , Michael Matheson 6 (Cam Atkinson 21, Bryan Little 15) at 12:55 (PP)
3. VANCOUVER VOODOO , Anze Kopitar 10 (Cam Atkinson 22, Daniel Girardi 5) at 15:53

Penalties :
Daniel Girardi (VAN) for Roughing (Minor) at 3:59, T.J. Brennan (VIC) for Tripping (Minor) at 11:38, Ryan Stanton (VIC) for Hooking (Minor) at 17:37

2nd period

No Goal

Penalties :
Bryan Little (VAN) for High sticking (Minor) at 0:05, Zack Smith (VIC) for Hooking (Minor) at 3:49

3rd period

No Goal

Penalties :
Dion Phaneuf (VIC) for Hooking (Minor) at 1:42, T.J. Brennan (VIC) for High sticking (Minor) at 7:08, Dion Phaneuf (VIC) for Hooking (Minor) at 9:18

Goalie Stats

Ukko-Pekka Luukkonen (VIC), 26 saves from 29 shots - (0,897), L, 0-2-0, 60:00 minutes
Pheonix Copley (VAN), 17 saves from 17 shots - (1,000), W, 1-1-0, 60:00 minutes

Players Stats for VICTORIA GLADIATORS

Player Name              G  A  P  +/- PIM S  H  SB GA TA FO     MP     PP MP  PK MP  
------------------------------------------------------------------------------------
Alex Iafallo             0  0  0   0  0   2  1  1  0  0  0/0    21:35   2:02   5:13 
Carl Soderberg           0  0  0   0  0   2  2  1  0  0  7/17   16:22   2:02   0:00 
Colin Wilson             0  0  0   0  0   0  0  1  0  0  1/1     8:14   0:00   0:00 
Dion Phaneuf             0  0  0   0  4   0  4  1  0  0  0/0    21:49   2:02   2:04 
Frans Nielsen            0  0  0  -2  0   4  1  0  0  0  11/25  18:45   0:00   5:33 
Jason Spezza             0  0  0   0  0   2  0  0  0  0  3/6     9:04   0:00   0:00 
Lars Eller               0  0  0   0  0   0  0  0  0  0  8/17   15:49   1:56   5:39 
Marcus Foligno           0  0  0   0  0   1  2  0  0  0  0/0     9:24   0:00   0:20 
Matt Bartkowski          0  0  0  -2  0   0  3  0  0  0  0/0    21:11   1:56   5:45 
Mikkel Boedker           0  0  0   0  0   1  0  0  0  0  0/1    16:22   2:02   0:00 
Nick Foligno             0  0  0   0  0   3  0  1  0  0  0/0     8:14   0:00   0:00 
Patrick Maroon           0  0  0  -2  0   0  1  0  0  0  0/3    20:47   1:56   5:39 
Riley Sheahan            0  0  0   0  0   0  0  0  0  0  1/1     9:04   0:00   0:00 
Ryan Stanton             0  0  0   0  2   0  4  1  0  0  0/0    17:26   0:00   3:52 
T.J. Brennan             0  0  0   0  4   0  4  0  0  0  0/0    16:43   0:00   4:24 
Torey Krug               0  0  0   0  0   1  0  1  0  0  0/0    21:45   2:02   0:44 
Zach Trotman             0  0  0  -2  0   0  2  1  0  0  0/0    20:49   1:56   5:23 
Zack Smith               0  0  0  -2  2   1  2  0  0  0  0/0    15:19   1:56   0:12 

Players Stats for VANCOUVER VOODOO

Player Name              G  A  P  +/- PIM S  H  SB GA TA FO     MP     PP MP  PK MP  
------------------------------------------------------------------------------------
Anze Kopitar             1  0  1   1  0   6  0  0  0  0  16/22  21:07   5:07   2:17 
Austin Wagner            0  0  0   0  0   0  0  0  0  0  0/0     5:33   0:17   0:00 
Brendan Lemieux          0  0  0   1  0   0  2  0  0  0  0/0    13:43   0:00   0:00 
Bryan Little             0  2  2   1  2   4  0  0  0  0  14/24  19:32   5:31   0:00 
Cam Atkinson             0  2  2   1  0   5  0  0  0  0  0/0    19:49   6:06   0:00 
Carter Verhaeghe         0  0  0   0  0   1  0  0  0  0  2/5     5:16   0:00   0:00 
Daniel Girardi           0  1  1   1  2   1  0  1  0  0  0/0    16:35   0:00   0:54 
Danny DeKeyser           0  0  0   1  0   1  0  0  0  0  0/0    22:54   5:25   1:47 
Denis Malgin             0  0  0   0  0   1  1  0  0  0  1/2    18:36   5:06   1:41 
Jack Johnson             0  0  0   0  0   0  4  1  0  0  0/0    15:06   0:58   0:00 
Jay Bouwmeester          0  1  1   1  0   0  1  0  0  0  0/0    15:18   0:00   2:11 
Leo Komarov              0  0  0   0  0   1  2  0  0  0  6/16   18:46   0:00   1:41 
Magnus Paajarvi-Svensson 0  0  0   0  0   1  0  0  0  0  0/1    16:55   5:06   0:00 
Mathew Dumba             0  0  0   0  0   1  0  1  0  0  0/0     8:57   5:47   1:17 
Michael Matheson         1  0  1   1  0   1  0  0  0  0  0/0    22:12   5:25   1:47 
Rocco Grimaldi           0  0  0   1  0   1  2  0  0  0  0/0    17:28   1:09   2:17 
Shea Theodore            0  0  0   0  0   1  1  0  0  0  0/0    18:57   4:49   0:00 
Tyson Jost               1  0  1   1  0   4  1  0  0  0  1/1    19:16   5:14   0:00 

3 Stars

1 - Pheonix Copley (VAN)
2 - Tyson Jost (VAN)
3 - Michael Matheson (VAN)

Power Play

VICTORIA GLADIATORS - 0 on 2 Attempt(s) - 0,00%
VANCOUVER VOODOO - 1 on 6 Attempt(s) - 16,67%

Penalty Kill

VICTORIA GLADIATORS - 5 on 6 Attempt(s) - 83,33% - Score 0 goal in Penalty Kill
VANCOUVER VOODOO - 2 on 2 Attempt(s) - 100,00% - Score 0 goal in Penalty Kill

Team Stat

VICTORIA GLADIATORS - Hits : 26 - Faceoff Wins : 31 - Blocked Shots : 8 - Penalty Minutes : 12
VANCOUVER VOODOO - Hits : 14 - Faceoff Wins : 40 - Blocked Shots : 3 - Penalty Minutes : 4

Official

Referees : Mike Leggo and Jacob Brenk
Linesman : Jesse Pletsch and Kevin Briganti

Game Notes

No Game Note

Finance

Level 1 -- Attendance: 7200 (100,00%) -- Ticket Income 849 600 $
Level 2 -- Attendance: 5500 (100,00%) -- Ticket Income 462 000 $
Level 3 -- Attendance: 2969 (98,97%) -- Ticket Income 142 512 $
Level 4 -- Attendance: 6000 (100,00%) -- Ticket Income 150 000 $
Luxury Box -- Attendance: 1000 (100,00%) -- Ticket Income 260 000 $
Total Attendance: 22669 (99,86%)
Total Ticket Income: 1 864 112 $
Other Income: 559 234 $
Total Income: 2 423 346 $

VICTORIA GLADIATORS

5 vs 5 Forward 
   Center                   Left Wing                Right Wing               Time % Phy DF OF 
 1 Carl Soderberg           Alex Iafallo             Mikkel Boedker           36     1   2  2  
 2 Frans Nielsen            Zack Smith               Patrick Maroon           31     1   2  2  
 3 Lars Eller               Colin Wilson             Nick Foligno             23     1   2  2  
 4 Jason Spezza             Marcus Foligno           Riley Sheahan            10     1   2  2  

5 vs 5 Defense 
   Defense                  Defense                                           Time % Phy DF OF 
 1 Torey Krug               Dion Phaneuf                                      36     1   2  2  
 2 Zach Trotman             Matt Bartkowski                                   31     1   2  2  
 3 Ryan Stanton             T.J. Brennan                                      23     1   2  2  
 4 Zach Trotman             Matt Bartkowski                                   10     1   2  2  

PowerPlay Forward 
   Center                   Left Wing                Right Wing               Time % Phy DF OF 
 1 Carl Soderberg           Alex Iafallo             Mikkel Boedker           52     1   2  2  
 2 Lars Eller               Zack Smith               Patrick Maroon           48     1   2  2  

PowerPlay Defense
   Defense                  Defense                                           Time % Phy DF OF 
 1 Torey Krug               Dion Phaneuf                                      52     1   2  2  
 2 Zach Trotman             Matt Bartkowski                                   48     1   2  2  

Penalty Kill 4 Players Forward 
   Center                   Wing                     Time % Phy DF OF 
 1 Frans Nielsen            Alex Iafallo             52     1   2  2  
 2 Lars Eller               Patrick Maroon           48     1   2  2  

Penalty Kill 4 Players Defense
   Defense                  Defense                  Time % Phy DF OF 
 1 Ryan Stanton             T.J. Brennan             52     1   2  2  
 2 Zach Trotman             Matt Bartkowski          48     1   2  2  

Penalty Kill - 3 Players Forward 
   Forward                                           Time % Phy DF OF 
 1 Alex Iafallo                                      52     1   2  2  
 2 Jason Spezza                                      48     1   2  2  

Penalty Kill - 3 Players Defense
   Defense                  Defense                  Time % Phy DF OF 
 1 Zach Trotman             Matt Bartkowski          52     1   2  2  
 2 Torey Krug               Dion Phaneuf             48     1   2  2  

4 vs 4 Forward 
   Center                   Wing                     Time % Phy DF OF 
 1 Jason Spezza             Zack Smith               52     1   2  2  
 2 Riley Sheahan            Mikkel Boedker           48     1   2  2  

4 vs 4 Defense
   Defense                  Defense                  Time % Phy DF OF 
 1 Ryan Stanton             T.J. Brennan             52     1   2  2  
 2 Zach Trotman             Matt Bartkowski          48     1   2  2  

Last Minutes Offensive
   Center                   Left Wing                Right Wing               Defense                  Defense                  
   Carl Soderberg           Nick Foligno             Marcus Foligno           Ryan Stanton             T.J. Brennan             

Last Minutes Defensive
   Center                   Left Wing                Right Wing               Defense                  Defense                  
   Lars Eller               Zack Smith               Mikkel Boedker           Dion Phaneuf             Zach Trotman             

Goaltenders
Starting : Ukko-Pekka Luukkonen     
Backup : Jack Campbell            

Extra Forwards
Normal : Patrick Maroon, Riley Sheahan, Marcus Foligno - PP : Patrick Maroon, Riley Sheahan - PK : Marcus Foligno
Extra Defensemen
Normal : Ryan Stanton, T.J. Brennan, Zach Trotman - PP : Ryan Stanton - PK : T.J. Brennan, Zach Trotman
Penalty Shots
Carl Soderberg, Lars Eller, Nick Foligno, Frans Nielsen, Zack Smith
Custom OT Lines Forwards
Carl Soderberg, Lars Eller, Nick Foligno, Frans Nielsen, Zack Smith, Jason Spezza, Alex Iafallo, Mikkel Boedker, Colin Wilson, Patrick Maroon
Custom OT Lines Defensemen
Ryan Stanton, Dion Phaneuf, Zach Trotman, Matt Bartkowski, Torey Krug

Scratches
Michael Downing (Healthy), Jonathan Ericsson (Left Eye Injury), Matt Moulson (Healthy), Aaron Dell (Sore Right Knee Injury)

VANCOUVER VOODOO

5 vs 5 Forward 
   Center                   Left Wing                Right Wing               Time % Phy DF OF 
 1 Anze Kopitar             Brendan Lemieux          Cam Atkinson             34     1   1  3  
 2 Bryan Little             Tyson Jost               Rocco Grimaldi           34     1   2  2  
 3 Leo Komarov              Magnus Paajarvi-Svensson Denis Malgin             25     2   2  1  
 4 Carter Verhaeghe         Austin Wagner            Leo Komarov              7      1   3  1  

5 vs 5 Defense 
   Defense                  Defense                                           Time % Phy DF OF 
 1 Danny DeKeyser           Daniel Girardi                                    37     1   3  1  
 2 Jay Bouwmeester          Michael Matheson                                  33     1   2  2  
 3 Shea Theodore            Jack Johnson                                      24     2   1  2  
 4 Mathew Dumba             Michael Matheson                                  6      1   2  2  

PowerPlay Forward 
   Center                   Left Wing                Right Wing               Time % Phy DF OF 
 1 Bryan Little             Tyson Jost               Cam Atkinson             50     0   1  4  
 2 Anze Kopitar             Denis Malgin             Magnus Paajarvi-Svensson 50     1   1  3  

PowerPlay Defense
   Defense                  Defense                                           Time % Phy DF OF 
 1 Mathew Dumba             Shea Theodore                                     59     1   0  4  
 2 Michael Matheson         Danny DeKeyser                                    41     1   2  2  

Penalty Kill 4 Players Forward 
   Center                   Wing                     Time % Phy DF OF 
 1 Anze Kopitar             Rocco Grimaldi           50     1   3  1  
 2 Leo Komarov              Denis Malgin             50     2   3  0  

Penalty Kill 4 Players Defense
   Defense                  Defense                  Time % Phy DF OF 
 1 Danny DeKeyser           Michael Matheson         58     1   4  0  
 2 Jay Bouwmeester          Daniel Girardi           42     1   2  2  

Penalty Kill - 3 Players Forward 
   Forward                                           Time % Phy DF OF 
 1 Anze Kopitar                                      55     2   2  1  
 2 Bryan Little                                      45     1   3  1  

Penalty Kill - 3 Players Defense
   Defense                  Defense                  Time % Phy DF OF 
 1 Jay Bouwmeester          Michael Matheson         60     1   4  0  
 2 Daniel Girardi           Danny DeKeyser           40     2   1  2  

4 vs 4 Forward 
   Center                   Wing                     Time % Phy DF OF 
 1 Bryan Little             Rocco Grimaldi           50     1   3  1  
 2 Leo Komarov              Brendan Lemieux          50     2   2  1  

4 vs 4 Defense
   Defense                  Defense                  Time % Phy DF OF 
 1 Daniel Girardi           Jay Bouwmeester          50     2   2  1  
 2 Mathew Dumba             Jack Johnson             50     1   1  3  

Last Minutes Offensive
   Center                   Left Wing                Right Wing               Defense                  Defense                  
   Anze Kopitar             Tyson Jost               Cam Atkinson             Mathew Dumba             Michael Matheson         

Last Minutes Defensive
   Center                   Left Wing                Right Wing               Defense                  Defense                  
   Anze Kopitar             Leo Komarov              Rocco Grimaldi           Danny DeKeyser           Michael Matheson         

Goaltenders
Starting : Pheonix Copley           
Backup : Carey Price              

Extra Forwards
Normal : Bryan Little, Tyson Jost, Leo Komarov - PP : Bryan Little, Rocco Grimaldi - PK : Tyson Jost
Extra Defensemen
Normal : Mathew Dumba, Daniel Girardi, Jay Bouwmeester - PP : Jack Johnson - PK : Daniel Girardi, Mathew Dumba
Penalty Shots
Anze Kopitar, Tyson Jost, Cam Atkinson, Bryan Little, Rocco Grimaldi
Custom OT Lines Forwards
Anze Kopitar, Cam Atkinson, Bryan Little, Rocco Grimaldi, Tyson Jost, Leo Komarov, Denis Malgin, Magnus Paajarvi-Svensson, Austin Wagner, Brendan Lemieux
Custom OT Lines Defensemen
Michael Matheson, Danny DeKeyser, Shea Theodore, Mathew Dumba, Daniel Girardi

Scratches
Christian Wolanin (Sports Hernia Injury), Andrew Shaw (Bruised Left Leg Injury), Nikita Scherbak (Healthy), Sam Bennett (Healthy)

% Time on Ice - VICTORIA GLADIATORS

Lines # - Real PCT - Wanted PCT - Time Play
Normal Forward
1 - 32% - 36% - 14:20
2 - 29% - 31% - 13:12
3 - 18% - 23% - 8:14
4 - 20% - 10% - 9:04
Normal Defense
1 - 42% - 36% - 18:55
2 - 28% - 31% - 12:38
3 - 28% - 23% - 12:25
4 - 2% - 10% - 0:52
PP Forward
1 - 51% - 52% - 2:02
2 - 49% - 48% - 1:56
PP Defense
1 - 51% - 52% - 2:02
2 - 49% - 48% - 1:56
PK Forward
1 - 50% - 52% - 5:33
2 - 50% - 48% - 5:39
PK Defense
1 - 46% - 52% - 5:10
2 - 54% - 48% - 6:02
PK3 Forward
1 - 0% - 52%
2 - 0% - 48%
PK3 Defense
1 - 0% - 52%
2 - 0% - 48%
44 Forward
1 - 0% - 52%
2 - 0% - 48%
44 Defense
1 - 0% - 52%
2 - 0% - 48%
Last Minute Offensive  - 0:00
Last Minute Defensive  - 0:00
Total
Forward - 60:00
Defense - 60:00

% Time on Ice - VANCOUVER VOODOO

Lines # - Real PCT - Wanted PCT - Time Play
Normal Forward
1 - 31% - 34% - 13:43
2 - 31% - 34% - 14:02
3 - 26% - 25% - 11:49
4 - 12% - 7% - 5:16
Normal Defense
1 - 35% - 37% - 15:42
2 - 29% - 33% - 13:07
3 - 32% - 24% - 14:08
4 - 4% - 6% - 1:53
PP Forward
1 - 49% - 50% - 5:31
2 - 51% - 50% - 5:41
PP Defense
1 - 52% - 59% - 5:47
2 - 48% - 41% - 5:25
PK Forward
1 - 58% - 50% - 2:17
2 - 42% - 50% - 1:41
PK Defense
1 - 45% - 58% - 1:47
2 - 55% - 42% - 2:11
PK3 Forward
1 - 0% - 55%
2 - 0% - 45%
PK3 Defense
1 - 0% - 60%
2 - 0% - 40%
44 Forward
1 - 0% - 50%
2 - 0% - 50%
44 Defense
1 - 0% - 50%
2 - 0% - 50%
Last Minute Offensive  - 0:00
Last Minute Defensive  - 0:00
Total
Forward - 60:00
Defense - 60:00

Play-by-Play

1st period


0:01 of 1st period - Anze Kopitar wins face-off versus Carl Soderberg in neutral zone.
1:17 of 1st period - Shot by Tyson Jost.
1:17 of 1st period - Goal by Tyson Jost - VICTORIA GLADIATORS : 0 - VANCOUVER VOODOO : 1.
1:18 of 1st period - Leo Komarov wins face-off versus Lars Eller in neutral zone.
1:25 of 1st period - Lars Eller is hit by Leo Komarov.
2:14 of 1st period - Shot by Jason Spezza.
2:14 of 1st period - Stopped by Pheonix Copley with a rebound.
2:17 of 1st period - Riley Sheahan is hit by Jack Johnson and loses puck.
2:52 of 1st period - Jack Johnson is hit by Zack Smith and loses puck.
2:59 of 1st period - Shot by Frans Nielsen.
2:59 of 1st period - Deflect By Zack Smith.
2:59 of 1st period - Stopped by Pheonix Copley without a rebound.
3:00 of 1st period - Carl Soderberg wins face-off versus Bryan Little in VANCOUVER VOODOO zone.
3:01 of 1st period - Shot by Alex Iafallo.
3:01 of 1st period - Shot Hit the Post.
3:23 of 1st period - Shot by Carl Soderberg.
3:23 of 1st period - Stopped by Pheonix Copley without a rebound.
3:24 of 1st period - Anze Kopitar wins face-off versus Frans Nielsen in VANCOUVER VOODOO zone.
3:53 of 1st period - Shot by Cam Atkinson.
3:53 of 1st period - Shot Misses the Net.
3:59 of 1st period - Shot by Frans Nielsen.
3:59 of 1st period - Stopped by Pheonix Copley without a rebound.
3:59 of 1st period - Minor Penalty to Daniel Girardi for Roughing.
4:00 of 1st period - Anze Kopitar wins face-off versus Carl Soderberg in VANCOUVER VOODOO zone.
4:19 of 1st period - Shot by Torey Krug.
4:19 of 1st period - Stopped by Pheonix Copley without a rebound.
4:20 of 1st period - Leo Komarov wins face-off versus Lars Eller in VANCOUVER VOODOO zone.
4:41 of 1st period - Shot by Lars Eller.
4:41 of 1st period - Shot Misses the Net.
5:56 of 1st period - Shot by Alex Iafallo.
5:56 of 1st period - Stopped by Pheonix Copley without a rebound.
5:57 of 1st period - Leo Komarov wins face-off versus Carl Soderberg in VANCOUVER VOODOO zone.
6:20 of 1st period - Shot by Jason Spezza.
6:20 of 1st period - Stopped by Pheonix Copley without a rebound.
6:21 of 1st period - Lars Eller wins face-off versus Anze Kopitar in VANCOUVER VOODOO zone.
6:26 of 1st period - Icing by Danny DeKeyser.
6:27 of 1st period - Anze Kopitar wins face-off versus Mikkel Boedker in VANCOUVER VOODOO zone.
6:34 of 1st period - Shot by Anze Kopitar.
6:34 of 1st period - Shot Misses the Net.
6:36 of 1st period - Shot by Cam Atkinson.
6:36 of 1st period - Shot Misses the Net.
6:55 of 1st period - Shot by Cam Atkinson.
6:55 of 1st period - Stopped by Ukko-Pekka Luukkonen with a rebound.
8:23 of 1st period - Shot by Nick Foligno.
8:23 of 1st period - Stopped by Pheonix Copley without a rebound.
8:24 of 1st period - Leo Komarov wins face-off versus Jason Spezza in VANCOUVER VOODOO zone.
8:24 of 1st period - Leo Komarov is hit by Marcus Foligno.
8:29 of 1st period - Daniel Girardi is hit by Ryan Stanton.
8:42 of 1st period - Magnus Paajarvi-Svensson is hit by Ryan Stanton and loses puck.
8:58 of 1st period - Magnus Paajarvi-Svensson is hit by T.J. Brennan and loses puck.
9:27 of 1st period - Shot by Cam Atkinson.
9:27 of 1st period - Shot Misses the Net.
9:33 of 1st period - Shot by Cam Atkinson.
9:33 of 1st period - Shot Blocked by Colin Wilson.
9:49 of 1st period - Icing by Nick Foligno.
9:50 of 1st period - Lars Eller wins face-off versus Carter Verhaeghe in VICTORIA GLADIATORS zone.
11:38 of 1st period - Minor Penalty to T.J. Brennan for Tripping.
11:39 of 1st period - Frans Nielsen wins face-off versus Anze Kopitar in VICTORIA GLADIATORS zone.
12:53 of 1st period - Shot by Cam Atkinson.
12:53 of 1st period - Shot Misses the Net.
12:55 of 1st period - Shot by Michael Matheson.
12:55 of 1st period - Goal by Michael Matheson - VICTORIA GLADIATORS : 0 - VANCOUVER VOODOO : 2.
12:56 of 1st period - Jason Spezza wins face-off versus Carter Verhaeghe in neutral zone.
13:02 of 1st period - Off-side.
13:03 of 1st period - Bryan Little wins face-off versus Jason Spezza in neutral zone.
13:50 of 1st period - Icing by Marcus Foligno.
13:51 of 1st period - Jason Spezza wins face-off versus Denis Malgin in VICTORIA GLADIATORS zone.
13:51 of 1st period - Jason Spezza is hit by Leo Komarov.
14:10 of 1st period - Shot by Denis Malgin.
14:10 of 1st period - Stopped by Ukko-Pekka Luukkonen without a rebound.
14:11 of 1st period - Anze Kopitar wins face-off versus Carl Soderberg in VICTORIA GLADIATORS zone.
14:12 of 1st period - Shot by Cam Atkinson.
14:12 of 1st period - Shot Misses the Net.
14:29 of 1st period - Off-side.
14:30 of 1st period - Leo Komarov wins face-off versus Frans Nielsen in neutral zone.
14:33 of 1st period - Shot by Magnus Paajarvi-Svensson.
14:33 of 1st period - Stopped by Ukko-Pekka Luukkonen without a rebound.
14:34 of 1st period - Frans Nielsen wins face-off versus Bryan Little in VICTORIA GLADIATORS zone.
14:44 of 1st period - Icing by Jay Bouwmeester.
14:45 of 1st period - Bryan Little wins face-off versus Carl Soderberg in VANCOUVER VOODOO zone.
14:45 of 1st period - Bryan Little is hit by Ryan Stanton.
15:07 of 1st period - Icing by Jay Bouwmeester.
15:08 of 1st period - Frans Nielsen wins face-off versus Bryan Little in VANCOUVER VOODOO zone.
15:32 of 1st period - Icing by Zack Smith.
15:33 of 1st period - Frans Nielsen wins face-off versus Anze Kopitar in VICTORIA GLADIATORS zone.
15:33 of 1st period - Frans Nielsen is hit by Brendan Lemieux.
15:53 of 1st period - Shot by Anze Kopitar.
15:53 of 1st period - Goal by Anze Kopitar - VICTORIA GLADIATORS : 0 - VANCOUVER VOODOO : 3.
15:54 of 1st period - Carl Soderberg wins face-off versus Leo Komarov in neutral zone.
15:56 of 1st period - Alex Iafallo is hit by Jack Johnson and loses puck.
16:43 of 1st period - Icing by Shea Theodore.
16:44 of 1st period - Frans Nielsen wins face-off versus Leo Komarov in VANCOUVER VOODOO zone.
16:48 of 1st period - Frans Nielsen is hit by Shea Theodore and loses puck.
17:06 of 1st period - Zack Smith is hit by Jack Johnson and loses puck.
17:13 of 1st period - Shot by Zack Smith.
17:13 of 1st period - Shot Misses the Net.
17:36 of 1st period - Jack Johnson is hit by T.J. Brennan.
17:37 of 1st period - Minor Penalty to Ryan Stanton for Hooking.
17:38 of 1st period - Bryan Little wins face-off versus Frans Nielsen in VICTORIA GLADIATORS zone.
17:56 of 1st period - Icing by Cam Atkinson.
17:57 of 1st period - Bryan Little wins face-off versus Frans Nielsen in VANCOUVER VOODOO zone.
17:57 of 1st period - Bryan Little is hit by Frans Nielsen.
18:44 of 1st period - Off-side.
18:45 of 1st period - Anze Kopitar wins face-off versus Lars Eller in neutral zone.
19:52 of 1st period - Marcus Foligno is hit by Jay Bouwmeester and loses puck.
19:59 of 1st period - Shot by Jason Spezza.
19:59 of 1st period - Shot Misses the Net.
Goals for this period are 0 for VICTORIA GLADIATORS vs 3 for VANCOUVER VOODOO.
Shots for this period are 8 for VICTORIA GLADIATORS vs 6 for VANCOUVER VOODOO.

2nd period


0:01 of 2nd period - Bryan Little wins face-off versus Carl Soderberg in neutral zone.
0:04 of 2nd period - Mikkel Boedker is hit by Rocco Grimaldi and loses puck.
0:05 of 2nd period - Minor Penalty to Bryan Little for High sticking.
0:06 of 2nd period - Carl Soderberg wins face-off versus Leo Komarov in VANCOUVER VOODOO zone.
0:29 of 2nd period - Shot by Alex Iafallo.
0:29 of 2nd period - Stopped by Pheonix Copley with a rebound.
1:04 of 2nd period - Off-side.
1:05 of 2nd period - Denis Malgin wins face-off versus Lars Eller in neutral zone.
1:34 of 2nd period - Shot by Denis Malgin.
1:34 of 2nd period - Shot Misses the Net.
2:28 of 2nd period - Cam Atkinson is hit by T.J. Brennan and loses puck.
3:18 of 2nd period - Shot by Tyson Jost.
3:18 of 2nd period - Shot Misses the Net.
3:22 of 2nd period - Shot by Tyson Jost.
3:22 of 2nd period - Stopped by Ukko-Pekka Luukkonen with a rebound.
3:36 of 2nd period - Shot by Bryan Little.
3:36 of 2nd period - Shot Blocked by Dion Phaneuf.
3:49 of 2nd period - Minor Penalty to Zack Smith for Hooking.
3:50 of 2nd period - Anze Kopitar wins face-off versus Lars Eller in VICTORIA GLADIATORS zone.
5:13 of 2nd period - Shot by Rocco Grimaldi.
5:13 of 2nd period - Deflect By Denis Malgin.
5:13 of 2nd period - Shot Misses the Net.
5:59 of 2nd period - Shot by Leo Komarov.
5:59 of 2nd period - Stopped by Ukko-Pekka Luukkonen with a rebound.
6:20 of 2nd period - Carter Verhaeghe is hit by Dion Phaneuf.
6:40 of 2nd period - Shot by Colin Wilson.
6:40 of 2nd period - Shot Blocked by Jack Johnson.
9:17 of 2nd period - Icing by Daniel Girardi.
9:18 of 2nd period - Carl Soderberg wins face-off versus Leo Komarov in VANCOUVER VOODOO zone.
9:19 of 2nd period - Shot by Mikkel Boedker.
9:19 of 2nd period - Stopped by Pheonix Copley with a rebound.
9:22 of 2nd period - Icing by Danny DeKeyser.
9:23 of 2nd period - Carl Soderberg wins face-off versus Leo Komarov in VANCOUVER VOODOO zone.
9:26 of 2nd period - Shot by Mikkel Boedker.
9:26 of 2nd period - Shot Blocked by Daniel Girardi.
10:49 of 2nd period - Off-side.
10:50 of 2nd period - Carter Verhaeghe wins face-off versus Lars Eller in neutral zone.
10:59 of 2nd period - Shot by Mathew Dumba.
10:59 of 2nd period - Stopped by Ukko-Pekka Luukkonen without a rebound.
11:00 of 2nd period - Frans Nielsen wins face-off versus Bryan Little in VICTORIA GLADIATORS zone.
11:27 of 2nd period - Shot by Bryan Little.
11:27 of 2nd period - Stopped by Ukko-Pekka Luukkonen without a rebound.
11:28 of 2nd period - Colin Wilson wins face-off versus Leo Komarov in VICTORIA GLADIATORS zone.
11:41 of 2nd period - Shot by Nick Foligno.
11:41 of 2nd period - Stopped by Pheonix Copley without a rebound.
11:42 of 2nd period - Jason Spezza wins face-off versus Anze Kopitar in VANCOUVER VOODOO zone.
12:15 of 2nd period - Shot by Cam Atkinson.
12:15 of 2nd period - Deflect By Anze Kopitar.
12:15 of 2nd period - Stopped by Ukko-Pekka Luukkonen without a rebound.
12:16 of 2nd period - Frans Nielsen wins face-off versus Leo Komarov in VICTORIA GLADIATORS zone.
13:25 of 2nd period - Rocco Grimaldi is hit by Ryan Stanton and loses puck.
13:37 of 2nd period - Icing by Ryan Stanton.
13:38 of 2nd period - Carl Soderberg wins face-off versus Anze Kopitar in VICTORIA GLADIATORS zone.
14:12 of 2nd period - Shot by Anze Kopitar.
14:12 of 2nd period - Shot Blocked by Zach Trotman.
14:14 of 2nd period - Shot by Shea Theodore.
14:14 of 2nd period - Stopped by Ukko-Pekka Luukkonen without a rebound.
14:15 of 2nd period - Bryan Little wins face-off versus Frans Nielsen in VICTORIA GLADIATORS zone.
14:17 of 2nd period - Tyson Jost is hit by Matt Bartkowski and loses puck.
14:22 of 2nd period - Shot by Tyson Jost.
14:22 of 2nd period - Stopped by Ukko-Pekka Luukkonen without a rebound.
14:23 of 2nd period - Bryan Little wins face-off versus Lars Eller in VICTORIA GLADIATORS zone.
14:47 of 2nd period - Icing by Torey Krug.
14:48 of 2nd period - Lars Eller wins face-off versus Leo Komarov in VICTORIA GLADIATORS zone.
14:55 of 2nd period - Shot by Colin Wilson.
14:55 of 2nd period - Shot Misses the Net.
14:57 of 2nd period - Shot by Lars Eller.
14:57 of 2nd period - Shot Misses the Net.
15:12 of 2nd period - Shot by Nick Foligno.
15:12 of 2nd period - Shot Misses the Net.
15:28 of 2nd period - Danny DeKeyser is hit by Zack Smith and loses puck.
15:49 of 2nd period - Icing by Zach Trotman.
15:50 of 2nd period - Frans Nielsen wins face-off versus Bryan Little in VICTORIA GLADIATORS zone.
16:07 of 2nd period - Shot by Frans Nielsen.
16:07 of 2nd period - Stopped by Pheonix Copley with a rebound.
16:09 of 2nd period - Shot by Zack Smith.
16:09 of 2nd period - Deflect By Frans Nielsen.
16:09 of 2nd period - Stopped by Pheonix Copley without a rebound.
16:10 of 2nd period - Carl Soderberg wins face-off versus Anze Kopitar in VANCOUVER VOODOO zone.
16:12 of 2nd period - Alex Iafallo is hit by Jack Johnson.
16:42 of 2nd period - Anze Kopitar is hit by Alex Iafallo and loses puck.
17:04 of 2nd period - Shot by Tyson Jost.
17:04 of 2nd period - Shot Blocked by Carl Soderberg.
18:54 of 2nd period - Shot by Cam Atkinson.
18:54 of 2nd period - Stopped by Ukko-Pekka Luukkonen without a rebound.
18:55 of 2nd period - Riley Sheahan wins face-off versus Carter Verhaeghe in VICTORIA GLADIATORS zone.
19:04 of 2nd period - Shot by Riley Sheahan.
19:04 of 2nd period - Shot Blocked by Mathew Dumba.
19:47 of 2nd period - Icing by Jack Johnson.
19:48 of 2nd period - Lars Eller wins face-off versus Bryan Little in VANCOUVER VOODOO zone.
19:53 of 2nd period - Shot by Nick Foligno.
19:53 of 2nd period - Shot Misses the Net.
Goals for this period are 0 for VICTORIA GLADIATORS vs 0 for VANCOUVER VOODOO.
Shots for this period are 5 for VICTORIA GLADIATORS vs 8 for VANCOUVER VOODOO.

3rd period


0:01 of 3rd period - Bryan Little wins face-off versus Carl Soderberg in neutral zone.
0:19 of 3rd period - Icing by Bryan Little.
0:20 of 3rd period - Bryan Little wins face-off versus Frans Nielsen in VANCOUVER VOODOO zone.
0:25 of 3rd period - Torey Krug is hit by Tyson Jost and loses puck.
0:36 of 3rd period - Shot by Frans Nielsen.
0:36 of 3rd period - Stopped by Pheonix Copley without a rebound.
0:37 of 3rd period - Anze Kopitar wins face-off versus Carl Soderberg in VANCOUVER VOODOO zone.
0:37 of 3rd period - Anze Kopitar is hit by Carl Soderberg.
0:46 of 3rd period - Off-side.
0:47 of 3rd period - Frans Nielsen wins face-off versus Leo Komarov in neutral zone.
1:29 of 3rd period - Icing by Dion Phaneuf.
1:30 of 3rd period - Anze Kopitar wins face-off versus Frans Nielsen in VICTORIA GLADIATORS zone.
1:38 of 3rd period - Anze Kopitar is hit by Dion Phaneuf and loses puck.
1:42 of 3rd period - Minor Penalty to Dion Phaneuf for Hooking.
1:43 of 3rd period - Bryan Little wins face-off versus Frans Nielsen in VICTORIA GLADIATORS zone.
1:58 of 3rd period - Shot by Cam Atkinson.
1:58 of 3rd period - Shot Misses the Net.
2:00 of 3rd period - Shot by Shea Theodore.
2:00 of 3rd period - Shot Misses the Net.
2:20 of 3rd period - Shot by Mathew Dumba.
2:20 of 3rd period - Shot Blocked by Alex Iafallo.
2:22 of 3rd period - Shot by Bryan Little.
2:22 of 3rd period - Stopped by Ukko-Pekka Luukkonen without a rebound.
2:23 of 3rd period - Anze Kopitar wins face-off versus Lars Eller in VICTORIA GLADIATORS zone.
2:26 of 3rd period - Shot by Denis Malgin.
2:26 of 3rd period - Deflect By Anze Kopitar.
2:26 of 3rd period - Stopped by Ukko-Pekka Luukkonen without a rebound.
2:27 of 3rd period - Anze Kopitar wins face-off versus Patrick Maroon in VICTORIA GLADIATORS zone.
2:50 of 3rd period - Shot by Michael Matheson.
2:50 of 3rd period - Shot Blocked by Ryan Stanton.
2:59 of 3rd period - Shot by Anze Kopitar.
2:59 of 3rd period - Stopped by Ukko-Pekka Luukkonen without a rebound.
3:00 of 3rd period - Lars Eller wins face-off versus Bryan Little in VICTORIA GLADIATORS zone.
4:00 of 3rd period - Shot by Carl Soderberg.
4:00 of 3rd period - Stopped by Pheonix Copley with a rebound.
4:30 of 3rd period - Icing by Danny DeKeyser.
4:31 of 3rd period - Carter Verhaeghe wins face-off versus Jason Spezza in VANCOUVER VOODOO zone.
5:00 of 3rd period - Shot by Marcus Foligno.
5:00 of 3rd period - Stopped by Pheonix Copley without a rebound.
5:01 of 3rd period - Bryan Little wins face-off versus Lars Eller in VANCOUVER VOODOO zone.
5:09 of 3rd period - Bryan Little is hit by Matt Bartkowski and loses puck.
5:20 of 3rd period - Shot by Rocco Grimaldi.
5:20 of 3rd period - Shot Misses the Net.
5:22 of 3rd period - Shot by Tyson Jost.
5:22 of 3rd period - Shot Misses the Net.
5:25 of 3rd period - Tyson Jost is hit by Zach Trotman and loses puck.
6:08 of 3rd period - Carl Soderberg is hit by Brendan Lemieux and loses puck.
6:25 of 3rd period - Icing by Jack Johnson.
6:26 of 3rd period - Anze Kopitar wins face-off versus Patrick Maroon in VANCOUVER VOODOO zone.
6:59 of 3rd period - Icing by Zack Smith.
7:00 of 3rd period - Bryan Little wins face-off versus Frans Nielsen in VICTORIA GLADIATORS zone.
7:06 of 3rd period - Rocco Grimaldi is hit by T.J. Brennan and loses puck.
7:08 of 3rd period - Minor Penalty to T.J. Brennan for High sticking.
7:09 of 3rd period - Frans Nielsen wins face-off versus Magnus Paajarvi-Svensson in VICTORIA GLADIATORS zone.
7:35 of 3rd period - Shot by Danny DeKeyser.
7:35 of 3rd period - Stopped by Ukko-Pekka Luukkonen without a rebound.
7:36 of 3rd period - Tyson Jost wins face-off versus Frans Nielsen in VICTORIA GLADIATORS zone.
9:18 of 3rd period - Minor Penalty to Dion Phaneuf for Hooking.
9:19 of 3rd period - Lars Eller wins face-off versus Bryan Little in VICTORIA GLADIATORS zone.
10:54 of 3rd period - Shot by Cam Atkinson.
10:54 of 3rd period - Stopped by Ukko-Pekka Luukkonen without a rebound.
10:55 of 3rd period - Anze Kopitar wins face-off versus Frans Nielsen in VICTORIA GLADIATORS zone.
11:37 of 3rd period - Shot by Carter Verhaeghe.
11:37 of 3rd period - Stopped by Ukko-Pekka Luukkonen with a rebound.
12:19 of 3rd period - Shot by Anze Kopitar.
12:19 of 3rd period - Stopped by Ukko-Pekka Luukkonen with a rebound.
12:21 of 3rd period - Shot by Cam Atkinson.
12:21 of 3rd period - Shot Blocked by Torey Krug.
12:41 of 3rd period - Rocco Grimaldi is hit by Marcus Foligno.
13:00 of 3rd period - Shot by Tyson Jost.
13:00 of 3rd period - Deflect By Bryan Little.
13:00 of 3rd period - Stopped by Ukko-Pekka Luukkonen without a rebound.
13:01 of 3rd period - Leo Komarov wins face-off versus Carl Soderberg in VICTORIA GLADIATORS zone.
13:46 of 3rd period - Leo Komarov is hit by Carl Soderberg.
14:20 of 3rd period - Rocco Grimaldi is hit by Matt Bartkowski and loses puck.
14:26 of 3rd period - Icing by Zach Trotman.
14:27 of 3rd period - Anze Kopitar wins face-off versus Frans Nielsen in VICTORIA GLADIATORS zone.
14:27 of 3rd period - Anze Kopitar is hit by Zach Trotman.
15:05 of 3rd period - Shot by Cam Atkinson.
15:05 of 3rd period - Shot Misses the Net.
15:07 of 3rd period - Shot by Jay Bouwmeester.
15:07 of 3rd period - Shot Misses the Net.
15:11 of 3rd period - Shot by Cam Atkinson.
15:11 of 3rd period - Stopped by Ukko-Pekka Luukkonen without a rebound.
15:12 of 3rd period - Lars Eller wins face-off versus Bryan Little in VICTORIA GLADIATORS zone.
15:29 of 3rd period - Shot by Lars Eller.
15:29 of 3rd period - Shot Misses the Net.
15:47 of 3rd period - Shot by Rocco Grimaldi.
15:47 of 3rd period - Shot Hit the Post.
15:49 of 3rd period - Shot by Daniel Girardi.
15:49 of 3rd period - Stopped by Ukko-Pekka Luukkonen with a rebound.
15:51 of 3rd period - Shot by Danny DeKeyser.
15:51 of 3rd period - Shot Blocked by Nick Foligno.
16:24 of 3rd period - Carl Soderberg is hit by Denis Malgin.
16:33 of 3rd period - Magnus Paajarvi-Svensson is hit by Dion Phaneuf and loses puck.
17:04 of 3rd period - Shot by Cam Atkinson.
17:04 of 3rd period - Shot Misses the Net.
17:19 of 3rd period - Icing by Anze Kopitar.
17:20 of 3rd period - Anze Kopitar wins face-off versus Frans Nielsen in VANCOUVER VOODOO zone.
17:20 of 3rd period - Anze Kopitar is hit by Patrick Maroon.
17:26 of 3rd period - Shot by Anze Kopitar.
17:26 of 3rd period - Stopped by Ukko-Pekka Luukkonen without a rebound.
17:27 of 3rd period - Bryan Little wins face-off versus Frans Nielsen in VICTORIA GLADIATORS zone.
17:48 of 3rd period - Shot by Rocco Grimaldi.
17:48 of 3rd period - Stopped by Ukko-Pekka Luukkonen without a rebound.
17:49 of 3rd period - Lars Eller wins face-off versus Leo Komarov in VICTORIA GLADIATORS zone.
18:06 of 3rd period - Shot by Nick Foligno.
18:06 of 3rd period - Stopped by Pheonix Copley without a rebound.
18:07 of 3rd period - Frans Nielsen wins face-off versus Bryan Little in VANCOUVER VOODOO zone.
18:35 of 3rd period - Shot by Rocco Grimaldi.
18:35 of 3rd period - Deflect By Tyson Jost.
18:35 of 3rd period - Stopped by Ukko-Pekka Luukkonen without a rebound.
18:36 of 3rd period - Anze Kopitar wins face-off versus Carl Soderberg in VICTORIA GLADIATORS zone.
18:37 of 3rd period - Shot by Cam Atkinson.
18:37 of 3rd period - Shot Misses the Net.
19:17 of 3rd period - Shot by Cam Atkinson.
19:17 of 3rd period - Stopped by Ukko-Pekka Luukkonen without a rebound.
19:18 of 3rd period - Bryan Little wins face-off versus Patrick Maroon in VICTORIA GLADIATORS zone.
19:18 of 3rd period - Tyson Jost is hit by Dion Phaneuf and loses puck.
19:27 of 3rd period - Frans Nielsen is hit by Rocco Grimaldi and loses puck.
19:32 of 3rd period - Shot by Bryan Little.
19:32 of 3rd period - Stopped by Ukko-Pekka Luukkonen with a rebound.
Goals for this period are 0 for VICTORIA GLADIATORS vs 0 for VANCOUVER VOODOO.
Shots for this period are 4 for VICTORIA GLADIATORS vs 15 for VANCOUVER VOODOO.


SEBASTIAN
AHO
MARK
SCHEIFELE
JAKE
OETTINGER

EAST COAST

HOCKEY LEAGUE

  • 17.QUE3CHI2
  • 18.CHA2LIM4
  • 19.TRV3LON2
  • 20.CHW1BAL2
  • 21.PITMAN
  • 22.ATLNHW
  • 23.WORPET
  • 24.RHI